 Dungeon Crawl Stone Soup version 0.31-a0-1059-g83d41fd8b6 (webtiles) character file.

Game seed: 10367067058449792486

7060 funkygono the Thaumaturge (level 10, -13/52 HPs)
             Began as a Deep Elf Fire Elementalist on Nov 21, 2023.
             Was a Believer of Vehumet.
             Killed from afar by a molten gargoyle (28 damage)
             ... with a bolt of magma
             ... in a volcano.
             The game lasted 00:22:43 (10004 turns).

funkygono the Thaumaturge (DEFE)                   Turns: 10004, Time: 00:22:44

Health: -13/52     AC:  9    Str:  5    XL:     10   Next: 83%
Magic:  25/29      EV: 13    Int: 25    God:    Vehumet [**....]
Gold:   1671       SH:  0    Dex: 15    Spells: 24/36 levels left

rFire   . . .        g - +6 dagger (spect)
rCold   . . .        u - orb {guile}
rNeg    . . .        a - +0 robe
rPois   +            v - +0 helmet
rElec   .            x - +2 cloak
rCorr   .            k - +2 pair of gloves
SInv    .            (no boots)
Will    .....        (no amulet)
Stlth   +++          d - ring of poison resistance
HPRegen 0.28/turn    p - ring of willpower
MPRegen 0.21/turn

%: no passive effects
@: no status effects
A: no striking features
a: Renounce Religion


You were in a volcano.
You worshipped Vehumet.
Vehumet was pleased with you.
You visited 3 branches of the dungeon, and saw 10 of its levels.
You also visited: Ossuary and Volcano.

You collected 1671 gold pieces.

Inventory:

Hand Weapons
 g - a +6 spectral dagger (weapon)
 n - a +4 short sword of speed
 G - a +4 shortbow of flaming
Armour
 a - a +0 robe (worn)
 k - a +2 pair of gloves (worn)
 l - the +1 cloak "Vadot Niuna" {Rampage}
   (You found it on level 5 of the Dungeon)

   Rampage:   It bestows one free step when moving towards enemies.
 u - an orb of guile (worn)
 v - a +0 helmet (worn)
 x - a +2 cloak (worn)
Magical Staves
 C - a staff of air
Jewellery
 d - a ring of poison resistance (left hand)
 p - a ring of willpower (right hand)
 D - a ring of wizardry
Wands
 j - a wand of flame (18)
 z - a wand of polymorph (11)
Scrolls
 f - 2 scrolls of revelation
 m - a scroll of amnesia
 s - a scroll of fear
 y - a scroll of teleportation
 E - a scroll of blinking
 F - a scroll of poison
Potions
 b - a potion of magic
 c - a potion of ambrosia {unknown}
 e - 2 potions of might {unknown}
 h - a potion of enlightenment {unknown}
 i - 2 potions of invisibility
 o - a potion of haste {unknown}
 q - 2 potions of mutation
 r - 4 potions of curing
 t - 2 potions of heal wounds {unknown}
 w - 4 potions of attraction
 A - a potion of cancellation {unknown}
 B - 2 potions of resistance {unknown}


   Skills:
 + Level 1.2 Fighting
 + Level 1.0 Short Blades
 + Level 4.0 Dodging
 + Level 4.9 Stealth
 + Level 0.1 Unarmed Combat
 + Level 13.7 Spellcasting
 + Level 8.7 Conjurations
 + Level 0.7 Hexes
 + Level 10.6 Fire Magic


You had 24 spell levels left.
You knew the following spells:

 Your Spells              Type           Power      Damage    Failure   Level
a - Foxfire               Conj/Fire      100%       2x1d9     1%          1
b - Scorch                Fire           100%       2d9       1%          2
c - Inner Flame           Hex/Fire       45%        N/A       1%          3
d - Flame Wave            Conj/Fire      60%        2d14      1%          4
e - Searing Ray           Conj           100%       2d8       1%          2

Your spell library contained the following spells:

 Spells                   Type           Power      Damage    Failure   Level
 Hailstorm                Conj/Ice       39%        3d9       1%          3
 Stone Arrow              Conj/Erth      78%        3d11      1%          3
 Volatile Blastmotes      Fire/Tloc      86%        2d17      1%          3
 Sticky Flame             Conj/Fire      60%        2d8       1%          4
 Ignite Poison            Fire/Tmut/Pois 34%        N/A       2%          3
 Freeze                   Ice            68%        1d8       3%          1
 Sandblast                Erth           34%        2d9       3%          1
 Summon Small Mammal      Summ           68%        N/A       3%          1
 Passwall                 Tmut/Erth      14%        N/A       4%          2
 Brom's Barrelling Bould  Conj/Erth      39%        2d6       5%          4
 Summon Guardian Golem    Hex/Summ       19%        N/A       9%          3
 Call Canine Familiar     Summ           17%        N/A       10%         3
 Frozen Ramparts          Ice            34%        1d6       10%         3
 Cause Fear               Hex            10%        N/A       26%         4
 Anguish                  Hex/Necr       9%         N/A       28%         4
 Orb of Destruction       Conj           28%        9d9       61%         7
 Ignition                 Fire           31%        3d10      96%         8
 Spellforged Servitor     Conj/Summ      19%        N/A       99%         7
 Enfeeble                 Hex            10%        N/A       100%        7


Dungeon Overview and Level Annotations

Branches:
Dungeon (8/15)             Temple (1/1) D:6            Lair (1/5) D:8
Ossuary (visited)         Volcano (1/1)

Altars:
Cheibriados
Dithmenos
Elyvilon
Gozag
Hepliaklqana
Kikubaaqudgha
Makhleb
Nemelex Xobeh
Okawaru
Qazlal
Ru
Uskayaw
Vehumet
Wu Jian
Xom
Yredelemnul
Zin

Shops:
D:1 *   D:3 (

Annotations:
D:4 1 runed translucent door


Message History

Unknown command.
Casting: Flame Wave (dangerous; 1% risk of failure)
Confirm with . or Enter, or press ? or * to list all spells.
Aiming: Searing Ray (safe; 1% risk of failure)
Press: ? - help, Shift-Dir - straight line, f - centaur
Aim: a centaur, wielding a +1 demon trident of flaming (90% to hit)
The searing ray misses the centaur. (Press . to maintain the ray.)
The centaur hits you with a +1 demon trident of flaming.
The centaur burns you.
* * * LOW HITPOINT WARNING * * *
The centaur kicks you but does no damage.
The searing ray hits the centaur!
The centaur is heavily wounded.
The centaur hits you but does no damage.
The centaur misses you.
The searing ray hits the centaur!
The centaur is almost dead.
The centaur closely misses you. The centaur barely misses you. x2
The centaur kicks you but does no damage.
You hit the centaur.
You kill the centaur!
Vehumet accepts your kill.
You feel your power returning.
Your Dodging skill increases to level 4!
You hit the molten gargoyle but do no damage.
Your +6 spectral dagger hits the molten gargoyle but does no damage.
Unknown command.
Casting: Searing Ray (safe; 1% risk of failure)
Confirm with . or Enter, or press ? or * to list all spells.
Aiming: Searing Ray (safe; 1% risk of failure)
Press: ? - help, Shift-Dir - straight line, f - molten gargoyle
Aim: a molten gargoyle, wielding a +0 morningstar (90% to hit)
The searing ray hits the molten gargoyle but does no damage. (Press . to maintain the ray.)
Your +6 spectral dagger disappears.
The molten gargoyle blasts magma at you!
The bolt of magma hits you!!
Ouch! That really hurt!
You die...

#...§≈≈§§≈§
##.§.§.≈≈§§≈
##...§≈≈≈§§≈§
#...§≈§≈≈§§≈§
#...≈≈≈§≈§§§§
###...§≈≈≈≈≈§
#.#..≈§§§≈≈≈ # #####
###..§§§≈≈≈≈ ###.
#@..## ###..≈§≈≈≈≈
#.8..#9)..###8...§.≈§§§
#._..'.∩.†'.......§≈§§§
#.8.)#....###8.....≈§§§
###.##...## ###.....§§.
#. ##### ####...§. #
####


You could see a molten gargoyle.

Vanquished Creatures
  A centaur warrior (Volcano)
  A cane toad (Lair:1)
  A rime drake (D:8)
  6 fire bats (Volcano)
  A steam dragon (D:8)
  4 yaks (Lair:1)
  Menkaure (D:4)
  2 water moccasins
  Duvessa (D:7)
  3 orc warriors
  5 ice beasts
  3 sky beasts
  3 black bears
  An ogre (D:6)
  2 wolves (D:8)
  5 centaurs
  Blork the orc (D:4)
  An elf zombie (Ossuary)
  A bullfrog (D:8)
  3 kobold brigands
  A gnoll sergeant (D:8)
  2 scorpions
  Dowan (D:7)
  5 killer bees (D:8)
  5 lava snakes (Volcano)
  5 hounds
  A human zombie (Ossuary)
  4 jellies
  4 orc priests
  3 sleepcaps
  3 iguanas
  Natasha (thrice) (D:4)
  2 orc wizards
  Robin (D:2)
  3 mummies
  11 adders
  3 gnolls (D:8)
  2 worms (D:4)
  A dart slug (D:1)
  22 orcs
  7 ball pythons
  7 bats
  5 endoplasms
  4 giant cockroaches
  A gnoll zombie (Ossuary)
  13 goblins
  9 hobgoblins
  3 jackals (D:5)
  3 quokkas
  2 frilled lizards (D:2)
  6 goblin zombies
  2 hobgoblin zombies (Ossuary)
  A jackal zombie (D:4)
  18 kobolds
  4 orc zombies (Ossuary)
  3 rats
216 creatures vanquished.

Vanquished Creatures (others)
  742 foxfires
742 creatures vanquished.

Grand Total: 958 creatures vanquished

Notes
Turn   | Place    | Note
-------+----------+-------------------------------------------
     0 | D:1      | funkygono the Deep Elf Fire Elementalist began the quest
                  | for the Orb.
     0 | D:1      | Reached XP level 1. HP: 10/10 MP: 6/6
   111 | D:1      | Found a faded altar of an unknown god.
   160 | D:1      | Reached XP level 2. HP: 15/15 MP: 5/8
   590 | D:1      | Learned a level 2 spell: Scorch
   678 | D:1      | Found Lenebamm's Assorted Antiques.
   954 | D:2      | Reached XP level 3. HP: 3/19 MP: 0/10
   958 | D:2      | Learned a level 3 spell: Inner Flame
  1601 | D:2      | Reached XP level 4. HP: 24/24 MP: 9/11
  1608 | D:2      | Noticed Robin
  1618 | D:2      | Killed Robin
  1899 | D:2      | Reached skill level 4 in Spellcasting
  2181 | D:2      | Learned a level 4 spell: Flame Wave
  2281 | D:3      | Found a white marble altar of Elyvilon.
  2436 | D:3      | Found Kiskitut's Weapon Emporium.
  2882 | D:4      | Noticed a scorpion
  2891 | D:4      | Killed a scorpion
  2892 | D:4      | Reached XP level 5. HP: 28/28 MP: 3/13
  3076 | D:4      | Found a runed translucent door.
  3076 | D:4      | Noticed a human
  3078 | D:4      | Found a basalt altar of Yredelemnul.
  3078 | D:4      | Noticed Blork the orc
  3095 | D:4      | Killed Blork the orc
  3096 | D:4      | Reached skill level 5 in Spellcasting
  3096 | D:4      | Reached skill level 5 in Fire Magic
  3241 | D:4      | Reached XP level 6. HP: 32/32 MP: 12/15
  3289 | D:4      | Noticed Menkaure
  3295 | D:4      | Killed Menkaure
  3496 | D:4      | Noticed Natasha
  3499 | D:4      | Killed Natasha
  3611 | D:4      | Reached XP level 7. HP: 36/36 MP: 8/17
  3698 | D:4      | Noticed Natasha
  3701 | D:4      | Killed Natasha
  3709 | D:4      | Noticed Natasha
  3710 | D:4      | Killed Natasha
  4017 | D:4      | Identified a scroll of acquirement
  4017 | D:4      | Acquired 802 gold pieces
  4041 | D:5      | Entered Level 5 of the Dungeon
  4172 | D:5      | Found an opulent altar of Gozag.
  4225 | D:5      | Reached skill level 6 in Spellcasting
  4388 | D:5      | Identified the +1 cloak "Vadot Niuna" {Rampage}
  5275 | D:6      | Reached skill level 7 in Spellcasting
  5275 | D:6      | Reached XP level 8. HP: 41/41 MP: 14/20
  5340 | D:6      | Reached skill level 5 in Conjurations
  5458 | D:6      | Found a shimmering altar of Xom.
  5689 | D:6      | Reached skill level 8 in Spellcasting
  5782 | D:6      | Found a snail-covered altar of Cheibriados.
  5993 | D:6      | Found a staircase to the Ecumenical Temple.
  6159 | Temple   | Entered the Ecumenical Temple
  6165 | Temple   | Became a worshipper of Vehumet
  6325 | D:6      | Found a sacrificial altar of Ru.
  6547 | D:7      | Reached skill level 9 in Spellcasting
  6567 | D:7      | Reached XP level 9. HP: 45/45 MP: 16/24
  6670 | D:7      | Found a sand-covered staircase.
  6696 | Ossuary  | Entered an ossuary
  6896 | Ossuary  | Reached skill level 1 in Short Blades
  6899 | Ossuary  | Reached * piety under Vehumet
  6899 | Ossuary  | Offered knowledge of Kiss of Death by Vehumet.
  7284 | D:7      | Noticed Dowan
  7285 | D:7      | Noticed Duvessa
  7293 | D:7      | Killed Duvessa
  7294 | D:7      | Reached skill level 10 in Spellcasting
  7295 | D:7      | Killed Dowan
  7423 | D:7      | Found a stormy altar of Qazlal.
  7517 | D:7      | Found a sparkling altar of Nemelex Xobeh.
  8079 | D:8      | Noticed a rime drake
  8084 | D:8      | Killed a rime drake
  8085 | D:8      | Reached skill level 11 in Spellcasting
  8273 | D:8      | Reached ** piety under Vehumet
  8275 | D:8      | Offered knowledge of Searing Ray by Vehumet.
  8476 | D:8      | Reached XP level 10. HP: 14/51 MP: 13/27
  8493 | D:8      | Reached skill level 12 in Spellcasting
  8673 | D:8      | Reached skill level 10 in Fire Magic
  8673 | D:8      | Found a staircase to the Lair.
  8918 | D:8      | Learned a level 2 spell: Searing Ray
  8934 | Lair:1   | Entered Level 1 of the Lair of Beasts
  8951 | Lair:1   | Noticed a cane toad
  8961 | Lair:1   | Killed a cane toad
  9322 | Lair:1   | Found a dark tunnel.
  9331 | Volcano  | Entered a volcano
  9521 | Volcano  | Reached skill level 1 in Fighting
  9521 | Volcano  | Reached skill level 13 in Spellcasting
  9933 | Volcano  | Found a bloodstained altar of Trog.
  9933 | Volcano  | Noticed a centaur warrior
  9945 | Volcano  | Killed a centaur warrior
  9987 | Volcano  | Noticed a molten gargoyle
 10004 | Volcano  | Killed from afar by a molten gargoyle

Illustrated notes

Levels and vault maps discovered:
D:1:      saegor_arrival_simple_c, layout_loops_ring, serial_shops,
          nicolae_shop_tiny_waterfront, hellmonk_ecumenical_altar_lost_god
D:2:      layout_basic, nicolae_eternal_life, uniq_robin
D:3:      layout_loops_ring, mainiacjoe_overflow_concentric_impassable,
          serial_shops, nicolae_shop_bloodbath_and_beyond
D:4:      layout_cave_pools, dk_yredelemnul_ordeal, uniq_blork_the_orc,
          uniq_natasha, uniq_menkaure
D:5:      layout_gridville, grunt_gozag_breadcrumbs, minmay_misc_feat_diagonals
D:6:      layout_basic, hangedman_ru_absence, slow_altar_1,
          mainiacjoe_overflow_surrounded_room, minmay_temple_entry_overgrown,
          kennysheep_cross_room
D:7:      layout_loops_ring, nicolae_qazlal_general_emergency,
          kennysheep_mini_moat, nicolae_ossuary_entry_ruins, uniq_duvessa
D:8:      layout_gridville, hellmonk_lair_entry_icy, kennysheep_pointless_box
Temple:   nicolae_temple_cloud_nine
Lair:1:   layout_roguey, enter_volcano_1, basic_altar,
          infiniplex_staircase_pool, serial_bayou_shore_a
Volcano:  volcano_grotto [vgs_original]

Skill      XL: |  1  2  3  4  5  6  7  8  9 10 |
---------------+-------------------------------+-----
Fire Magic     | 4 5 7 8 9 10 | 10.6
Dodging        | 3 4 |  4.0
Spellcasting   | 4 5 7 9 11 13 | 13.7
Conjurations   | 2 3 4 5 7 8 |  8.7
Stealth        | 3 4 |  4.9
Short Blades   | 1 |  1.0
Fighting       | 1 |  1.2
Unarmed Combat | |  0.1
Hexes          | |  0.7

Action                     |  1- 3 |  4- 6 |  7- 9 | 10-12 || total
---------------------------+-------+-------+-------+-------++-------
  Melee: Dagger            |     3 |     5 |    18 |     9 ||    35
         Unarmed           |       |     3 |       |       ||     3
   Cast: Foxfire           |    57 |    88 |   266 |    24 ||   435
         Scorch            |     7 |    12 |    36 |     6 ||    61
         Inner Flame       |       |       |     2 |       ||     2
         Flame Wave        |       |       |     5 |     4 ||     9
         Searing Ray       |       |       |       |    17 ||    17
    Use: Scroll            |       |       |    17 |     1 ||    18
 Armour: Robe              |    16 |     2 |    23 |    52 ||    93
         Skin              |       |     1 |       |       ||     1
  Dodge: Dodged            |    23 |     6 |    26 |    48 ||   103

Table legend: (Time is in decaauts)
 A = Elapsed time spent in this place.
 B = Non-inter-level travel time spent in this place.
 C = Inter-level travel time spent in this place.
 D = Time resting spent in this place.
 E = Time spent auto-exploring this place.
 F = Levels seen in this place.
 G = Mean time per level.
                   A        B        C        D        E       F      G
               +--------+--------+--------+--------+--------+-----+--------+
         Total |  10004 |   9639 |    365 |    203 |   7872 |  12 |  833.7 |
       Dungeon |   8516 |   8157 |    359 |      4 |   6878 |   8 | 1064.5 |
        Temple |     12 |      6 |      6 |      0 |      0 |   1 |   12.0 |
          Lair |    399 |    399 |      0 |      0 |    340 |   1 |  399.0 |
       Ossuary |    403 |    403 |      0 |      0 |    339 |   1 |  403.0 |
       Volcano |    672 |    672 |      0 |    199 |    315 |   1 |  672.0 |
               +--------+--------+--------+--------+--------+-----+--------+

Top non-repeatable levels by time:
     D:2: 1327 daAuts
     D:6: 1320 daAuts
     D:8: 1268 daAuts
     D:4: 1221 daAuts
     D:5: 979 daAuts
     D:1: 873 daAuts
     D:7: 826 daAuts
     D:3: 700 daAuts
 Volcano: 672 daAuts
 Ossuary: 403 daAuts
  Lair:1: 399 daAuts
  Temple: 12 daAuts
